AoeStats
← Alexspiration

Nomad

509425543Analyzed
4v4 RM · 7d ago on Sep 26, 2026· 36m 13s· 8 players
Game mode
Random Map
Map size
231×231
Population
200
Speed
Normal
Resources
Standard
Victory
Conquest
Starting age
Dark Age
Ending age
Imperial Age
RankedLock teamsTeams togetherTeam positionsShared explorationLock speedFull tech treeHidden civsTurbo modeCheats
Victory
Defeat
🇩🇪 Franks · Germany
1510
+14
🇨🇱 Huns · Chile
1451
+16
🇺🇸 Bohemians · United States
1446
+17
🇷🇴 Vikings · Romania
1431
+17
🇨🇱 Hindustanis · Chile
1486
-17
🇦🇷 Ethiopians · Argentina
1461
-16
🇫🇮 Slavs · Finland
1460
-16
🇲🇽 Saracens · Mexico
1443
-15
VX | JARV
5:19 Loom
14:28 Feudal Age
15:19 Fishing Lines
18:11 Castle Age
18:32 Double-Bit Axe
22:17 Fletching
23:00 Bow Saw
23:06 Horse Collar
29:24 Gillnets
33:33 Wheelbarrow
33:00 Heavy Plow
38:24 Imperial Age
35:42 Town Watch
36:12 Hand Cart
TheGhostmaster
3:52 Loom
14:16 Feudal Age
15:04 Gold Mining
15:00 Double-Bit Axe
17:24 Fishing Lines
25:08 Fletching
25:17 Horse Collar
31:02 Castle Age
31:58 Medium Warships
31:54 Bodkin Arrow
32:23 Bow Saw
32:53 Ballistics
33:40 Wheelbarrow
32:50 Town Watch
35:05 Hand Cart
34:35 Town Watch
Doctor Simi
7:10 Loom
13:27 Feudal Age
14:05 Town Watch
14:17 Double-Bit Axe
19:39 Castle Age
19:51 Stone Mining
19:50 Fishing Lines
21:25 Wheelbarrow
20:56 Fletching
22:30 Bodkin Arrow
Irrelevant
5:00 Loom
12:31 Feudal Age
12:43 Man-at-Arms
15:34 Scale Mail Armor
16:33 Town Watch
16:39 Horse Collar
19:55 Wheelbarrow
23:02 Double-Bit Axe
23:12 Fishing Lines
25:53 Castle Age
24:12 Fletching
26:00 Forging
26:02 Bloodlines
26:31 Scale Barding Armor
26:51 Husbandry
27:04 Bow Saw
28:59 Chain Barding Armor
29:12 Husbandry
31:55 Iron Casting
32:59 Hand Cart
33:51 Heavy Plow
mikeymazko
5:47 Loom
13:16 Feudal Age
13:42 Double-Bit Axe
15:27 Fishing Lines
18:26 Forging
27:49 Castle Age
28:40 Medium Warships
29:07 Wheelbarrow
28:18 Town Watch
28:35 Gillnets
29:37 Bow Saw
30:27 Fervor
30:33 Clinker Construction
35:49 Imperial Age
33:40 Horse Collar
35:14 Chemistry
35:08 Fletching
35:44 Ballistics
36:33 Hand Cart
Alexspiration
4:25 Loom
12:15 Feudal Age
14:56 Town Watch
17:38 Castle Age
16:29 Stone Mining
16:29 Gold Mining
16:54 Double-Bit Axe
17:47 Fishing Lines
29:08 Forging
33:13 Bow Saw
33:47 Wheelbarrow
35:24 Iron Casting
CatinaS
2:52 Loom
12:21 Feudal Age
13:00 Double-Bit Axe
20:34 Castle Age
19:48 Fletching
20:51 Crossbowman
21:30 Bodkin Arrow
22:12 Bow Saw
21:42 Horse Collar
24:12 Town Watch
27:44 Gold Mining
29:44 Padded Archer Armor
32:41 Imperial Age
31:08 Leather Archer Armor
32:47 Gold Shaft Mining
32:49 Ballistics
32:45 Arbalester
33:27 Bracer
33:34 Capped Ram
37:21 Ring Archer Armor
Hennessy
4:18 Loom
14:21 Feudal Age
19:02 Castle Age
19:45 Fletching
20:55 Crossbowman
23:47 Town Watch
27:23 Bodkin Arrow
33:30 Town Patrol
36:39 Wheelbarrow
Connection lost

Rejoining the realm…

Still unreachable

The connection could not be restored.

Session expired

The server has moved on; the page needs a fresh start.